 Dungeon Crawl Stone Soup version 0.31.0-9-g3a7656b989 (webtiles) character file.

Game seed: 15597559796080593907

54 Ashen the Grasshopper (level 3, 0/33 HPs)
             Began as a Naga Warper on Jan 24, 2024.
             Slain by a ribbon worm (4 damage)
             ... on level 2 of the Dungeon.
             The game lasted 00:06:01 (1639 turns).

Ashen the Grasshopper (Naga Warper)                 Turns: 1639, Time: 00:06:01

Health: 0/33       AC:  2    Str: 13    XL:     3   Next: 91%
Magic:  4/6        EV:  9    Int: 15    God:
Gold:   48         SH:  0    Dex: 10    Spells: 2/6 levels left

rFire   . . .        a - +0 spear
rCold   . . .        (no shield)
rNeg    . . .        b - +0 leather armour
rPois   +            (no helmet)
rElec   .            (no cloak)
rCorr   .            (no gloves)
SInv    +            (no barding)
Will    .....        (no amulet)
Stlth   +            (no ring)
HPRegen 0.25/turn    (no ring)
MPRegen 0.10/turn

%: no passive effects
@: on blink cooldown, very slow
A: AC +1, large, see invisible, deformed body, poison resistance, slowness 2,
spit poison 1, naga tail 1
a: Spit Poison


You were on level 2 of the Dungeon.
You visited 1 branch of the dungeon, and saw 2 of its levels.

You collected 48 gold pieces.

Inventory:

Hand Weapons
 a - a +0 spear (weapon)
Missiles
 d - 7 darts of dispersal (quivered)
Armour
 b - a +0 leather armour (worn)
Scrolls
 c - a scroll of blinking
 f - 2 scrolls of noise {unknown}
 g - 2 scrolls of teleportation {unknown}
 h - 2 scrolls of identify {unknown}
 i - 2 scrolls of fog {unknown}
 j - a scroll of immolation {unknown}
Potions
 e - a potion of invisibility {unknown}


   Skills:
 + Level 2.5 Fighting
 + Level 2.3 Polearms
 - Level 1.3 Throwing
 + Level 1.2 Armour
 + Level 1.9 Dodging
 + Level 2.2 Spellcasting
 + Level 3.2 Translocations


You had 2 spell levels left.
You knew the following spells:

 Your Spells              Type           Power      Damage    Failure   Level
a - Blink                 Tloc           22%        N/A       11%         2
b - Lesser Beckoning      Tloc           22%        N/A       11%         2

Your spell library contained the following spells:

 Spells                   Type           Power      Damage    Failure   Level
 Teleport Other           Tloc           11%        N/A       22%         3
 Manifold Assault         Tloc           11%        N/A       58%         4
 Hailstorm                Conj/Ice       1%         3d5       63%         3
 Summon Ice Beast         Ice/Summ       1%         N/A       63%         3
 Vhi's Electric Charge    Tloc/Air       12%        N/A       80%         4
 Sculpt Simulacrum        Ice/Alch       0%         N/A       100%        6


Dungeon Overview and Level Annotations

Branches:
Dungeon (2/15)

Altars:


Innate Abilities, Weirdness & Mutations

Your serpentine skin is tough. (AC +1)
You have supernaturally acute eyesight. (SInv)
Armour fits poorly on your strangely shaped body.
Your system is resistant to poisons. (rPois)
You cover ground very slowly.
You can spit poison.
You have a snake-like lower body.


Message History

You feel ready to blink again.
The ribbon worm expels a string of sticky webbing.
The stream of webbing hits you but does no damage.
You are caught in a web!
There is a web here.
You struggle to detach yourself from the web.
The web tears apart.
You see here a +0 club.
You reach to attack!
You hit the ribbon worm but do no damage.
You hit the ribbon worm.
The ribbon worm is moderately wounded.
The ribbon worm expels a string of sticky webbing.
The stream of webbing hits you but does no damage.
You are caught in a web!
You are caught in a web!
You are caught in a web!
You struggle to detach yourself from the web.
The ribbon worm bites you!
The web tears apart.
The ribbon worm bites you!
You hit the ribbon worm.
The ribbon worm is moderately wounded.
You hit the ribbon worm but do no damage.
The ribbon worm is moderately wounded.
The ribbon worm bites you!
* * * LOW HITPOINT WARNING * * *
Casting: Blink (safe; 11% risk of failure)
Confirm with . or Enter, or press ? or * to list all spells.
You blink.
Casting: Blink (safe; 11% risk of failure)
Confirm with . or Enter, or press ? or * to list all spells.
Okay, then.
You hit the ribbon worm.
The ribbon worm is moderately wounded.
The ribbon worm bites you.
* * * LOW HITPOINT WARNING * * *
You barely miss the ribbon worm.
The ribbon worm is lightly wounded.
The ribbon worm bites you.
You die...

#........#.# .# ..8 .
......##.# #.###..#
..# #......###......#
.... #...............#
.....#..#............
#....#.#.##).... ##
###..#....#..##.#..#
#...$.......#.##.#.#
#..
#..#....#@..#.##.#.###
#..
#..######.w...##.#...
... #..# ##.)####.#.#
#.# #..#
#####.ยง###....# #.#
#..................#
#.#
##.......######...##
#.# ## #####
##.#######.#
#..........
###########


You could see a ribbon worm.

Vanquished Creatures
  2 adders
  A dart slug (D:1)
  6 endoplasms (D:1)
  A giant cockroach (D:1)
  4 goblins
  A hobgoblin (D:1)
  3 jackals (D:2)
  2 quokkas (D:1)
  3 ball pythons
  A bat (D:1)
  A frilled lizard (D:1)
  4 kobolds (D:1)
  3 rats (D:1)
32 creatures vanquished.

Notes
Turn   | Place    | Note
-------+----------+-------------------------------------------
     0 | D:1      | Ashen the Naga Warper began the quest for the Orb.
     0 | D:1      | Reached XP level 1. HP: 19/19 MP: 3/3
    65 | D:1      | Reached skill level 1 in Throwing
   191 | D:1      | Reached XP level 2. HP: 24/26 MP: 5/5
   197 | D:1      | Reached skill level 1 in Armour
   605 | D:1      | Reached XP level 3. HP: 33/33 MP: 6/6
  1329 | D:2      | Learned a level 2 spell: Blink
  1332 | D:2      | Learned a level 2 spell: Lesser Beckoning
  1639 | D:2      | Slain by a ribbon worm

Illustrated notes

Levels and vault maps discovered:
D:1:      dreamdust_arrival_sigmund_warning, layout_loops_ring,
          serial_park_tiny_2, minmay_misc_feat_cross
D:2:      layout_loops_ring, chequers_hall_statues_corner_a, grunt_ministairs_6,
          minmay_misc_feat_columns

Skill      XL: |  1  2 |
---------------+-------+-----
Throwing       | 1 |  1.3
Armour         | 1 |  1.2
Fighting       | |  2.5
Polearms       | |  2.3
Dodging        | |  1.9
Spellcasting   | |  2.2
Translocations | |  3.2

Action                     || total
---------------------------++-------
  Melee: Spear             ||   175
   Cast: Blink             ||     2
Ability: Spit Poison       ||     2
         Begin Untransform ||     1
 Armour: Leather armour    ||    93
  Dodge: Dodged            ||    71
   Form: Maw               ||     1
